 Dungeon Crawl Stone Soup version 0.25.1-8-g42b30a86e7 (webtiles) character file.

Game seed: 6814354546739329204

107 Gabide the Skirmisher (level 5, -1/42 HPs)
             Began as a Human Abyssal Knight on Dec 1, 2020.
             Was a Follower of Lugonu.
             Killed from afar by an orc wizard (10 damage)
             ... with a puff of flame
             ... on level 4 of the Dungeon.
             The game lasted 00:04:48 (2999 turns).

Gabide the Skirmisher (Human Abyssal Knight)        Turns: 2999, Time: 00:04:49

Health: -1/42      AC:  6    Str: 13    XL:     5   Next: 10%
Magic:  6/6        EV: 11    Int: 13    God:    Lugonu [*.....]
Gold:   120        SH:  0    Dex: 12    Spells: 4/4 levels left

rFire    . . .     SeeInvis .   a - +2 mace
rCold    . . .     Gourm    .   (no shield)
rNeg     . . .     Faith    .   d - +1 ring mail
rPois    .         Spirit   .   (no helmet)
rElec    .         Reflect  .   (no cloak)
rCorr    .         Harm     .   (no gloves)
MR       .....                  (no boots)
Stlth    +.........             (no amulet)
HPRegen  0.14/turn              (no ring)
MPRegen  0.10/turn              (no ring)

@: no status effects
A: no striking features
a: Depart the Abyss, Renounce Religion


You were on level 4 of the Dungeon.
You worshipped Lugonu.
Lugonu was aware of your devotion.
You were not hungry.

You visited 1 branch of the dungeon, and saw 4 of its levels.
You visited the Abyss 1 time.

You collected 120 gold pieces.

Inventory:

Hand Weapons
 a - a +2 mace (weapon)
Armour
 d - a +1 ring mail (worn)
Jewellery
 k - an uncursed amulet of regeneration {unknown}
Wands
 h - a wand of iceblast (12)
Scrolls
 b - 2 scrolls of teleportation
 e - 2 scrolls of enchant weapon
Potions
 f - a potion of curing
 g - a potion of berserk rage
 j - 2 potions of heal wounds {unknown}
 l - a potion of lignification {unknown}
Comestibles
 c - 5 rations


   Skills:
 + Level 3.6 Fighting
 * Level 3.5 Maces & Flails
 + Level 2.4 Armour
 * Level 1.9 Dodging
 + Level 2.1 Invocations


You had 4 spell levels left.
You didn't know any spells.
Your spell library was empty.

Dungeon Overview and Level Annotations

Branches:
Dungeon (4/15)
 Temple: D:4-7

Altars:

Annotations:
D:3 3 runed translucent doors, Erymatos's ghost, weakling MiBe


Message History

The worker ant poisons you! Something hits you but does no damage.
It was a potion of curing.
You feel better. The worker ant barely misses you.
Something hits you but does no damage. Something hits you but does no damage.
There is an escape hatch in the floor here.
You hear some strange, mumbled words.
A puff of frost appears from out of thin air!
The puff of frost misses you.
You hear some strange, mumbled words.
A puff of flame appears from out of thin air!
The puff of flame hits you. Something hits you but does no damage.
You hear some strange, mumbled words.
A puff of flame appears from out of thin air!
The puff of flame hits you.
* * * LOW HITPOINT WARNING * * *
You hear some strange, mumbled words.
A puff of flame appears from out of thin air!
The puff of flame hits you!
You die...

# # .# .# #.
#.## #.#.# #.
#..##... .# ##
#..#... .###
#.. #....#
#..##.# ##...#
##....# #...<#
#.....#
#..#.@##
#.....## #.
##..####..>...#
##.{##....##.##
##oo.a..###).#
#......# #a.#
##.....# ##...
#.....# .....
##....... ###..
#......# ..


You could see 2 orcs.

Vanquished Creatures
  A centaur zombie (D:4)
  An adder (D:3)
  An ooze (D:1)
  A worm (D:3)
  A dart slug (D:1)
  2 leopard geckos
  An orc (D:4)
  2 ball pythons
  3 giant cockroaches
  5 goblins
  4 hobgoblins
  10 jackals
  5 kobolds
  A quokka (D:2)
  7 bats
  2 frilled lizards (D:1)
  8 rats
55 creatures vanquished.

Vanquished Creatures (others)
  4 toadstools (D:1)
4 creatures vanquished.

Grand Total: 59 creatures vanquished

Notes
Turn   | Place    | Note
-------+----------+-------------------------------------------
     0 | Abyss:1  | Gabide the Human Abyssal Knight began the quest for the
                  | Orb.
     0 | Abyss:1  | Reached XP level 1. HP: 18/18 MP: 2/2
    21 | Abyss:1  | Found a corrupted altar of Lugonu.
    97 | Abyss:1  | Noticed a neqoxec
    99 | D:1      | Escaped the Abyss
   133 | D:1      | Reached XP level 2. HP: 10/24 MP: 3/3
   140 | D:1      | Reached * piety under Lugonu
   515 | D:1      | Reached XP level 3. HP: 28/29 MP: 4/4
  1493 | D:3      | Reached XP level 4. HP: 25/35 MP: 5/5
  1694 | D:3      | Noticed Erymatos's ghost (weakling MiBe)
  2356 | D:3      | Found a runed translucent gate.
  2356 | D:3      | Found a runed translucent gate.
  2356 | D:3      | Found a runed translucent gate.
  2818 | D:4      | Reached XP level 5. HP: 22/42 MP: 6/6
  2999 | D:4      | Killed from afar by an orc wizard

Illustrated notes

Levels and vault maps discovered:
D:1:      ldierk_walled_garden_2, layout_rooms
D:2:      layout_rooms, first_ration
D:3:      layout_loops_corners, gammafunk_ghost_icy
D:4:      minmay_bubble_buster, layout_layer_cave, serial_shops, shop

Skill      XL: |  1  2  3 |
---------------+----------+-----
Maces & Flails | 3 |  3.5
Fighting       | |  3.6
Armour         | |  2.4
Dodging        | |  1.9
Invocations    | |  2.1

Action                   |  1- 3 |  4- 6 || total
-------------------------+-------+-------++-------
Melee: Mace              |    91 |    91 ||   182
Invok: Depart the Abyss  |     1 |       ||     1
  Use: Scroll            |     7 |     2 ||     9
       Potion            |       |     1 ||     1
  Eat: Chunk             |     1 |     4 ||     5
       Ration            |       |     1 ||     1
Armor: Leather armour    |     5 |       ||     5
       Ring mail         |    28 |    53 ||    81
Dodge: Dodged            |    67 |    55 ||   122
